 Dungeon Crawl Stone Soup version 0.27.0-1-g7a089689b8 (webtiles) character file.

Game seed: 1869516159325874057

53 sasquatch the Firebug (level 3, 0/26 HPs)
             Began as a Demigod Fire Elementalist on July 31, 2021.
             Slain by Terence (11 damage)
             ... on level 2 of the Dungeon.
             The game lasted 00:07:50 (1590 turns).

sasquatch the Firebug (Demigod Fire Elementalist)   Turns: 1590, Time: 00:07:51

Health: 0/26       AC:  2    Str:  9    XL:     3   Next: 41%
Magic:  3/8        EV: 12    Int: 21    God:
Gold:   3          SH:  0    Dex: 14    Spells: 1/6 levels left

rFire    . . .     SeeInvis .   b - +0 rapier
rCold    . . .     Faith    .   (no shield)
rNeg     . . .     Spirit   .   a - +0 robe
rPois    .         Reflect  .   (no helmet)
rElec    .         Harm     .   (no cloak)
rCorr    .         Rampage  .   (no gloves)
Will     .....                  (no boots)
Stlth    ++........             (no amulet)
HPRegen  0.08/turn              (no ring)
MPRegen  0.11/turn              (no ring)

@: no status effects
A: high mp 1, forlorn
a: no special abilities


You were on level 2 of the Dungeon.
You visited 1 branch of the dungeon, and saw 2 of its levels.

You collected 3 gold pieces.

Inventory:

Hand Weapons
 b - a +0 rapier (weapon)
Armour
 a - a +0 robe (worn)
Scrolls
 c - a scroll of identify
 f - a scroll of vulnerability
Potions
 d - a potion of heal wounds {unknown}


   Skills:
 - Level 1.7 Dodging
 - Level 1.7 Stealth
 + Level 2.1 Spellcasting
 * Level 2.1 Conjurations
 * Level 3.4 Fire Magic


You had one spell level left.
You knew the following spells:

 Your Spells              Type           Power      Damage    Failure   Level
a - Foxfire               Conj/Fire      52%        2x1d6     4%          1
b - Conjure Flame         Conj/Fire      13%        6-21      14%         3
c - Freeze                Ice            8%         1d3       14%         1

Your spell library contained the following spells:

 Spells                   Type           Power      Damage    Failure   Level
 Inner Flame              Hex/Fire       9%         N/A       22%         3
 Sticky Flame             Conj/Fire      13%        2d4       43%         4
 Fireball                 Conj/Fire      6%         3d5       78%         5


Dungeon Overview and Level Annotations

Branches:
Dungeon (2/15)

Annotations:
D:2 Terence


Innate Abilities, Weirdness & Mutations

Your attributes grow dramatically as you level up.
You have an increased reservoir of magic. (+10% MP)
You shall have no god before yourself.


Message History

Casting: Foxfire (safe; 4% risk of failure)
Confirm with . or Enter, or press ? or * to list all spells.
Aiming: Freeze (safe; 14% risk of failure)
Press: ? - help, Shift-Dir - straight line, f - Terence
Aim: Terence, wielding a +0 mace and wearing a +0 scale mail (lightly wounded)
You freeze Terence.
Terence is moderately wounded.
Terence hits you with a +0 mace.
Casting: Freeze (safe; 14% risk of failure)
Confirm with . or Enter, or press ? or * to list all spells.
Aiming: Freeze (safe; 14% risk of failure)
Press: ? - help, Shift-Dir - straight line, f/p - Terence
Aim: Terence, wielding a +0 mace and wearing a +0 scale mail (moderately wounded)
You freeze Terence.
Terence is moderately wounded.
Terence screams, "I want your blood!" Terence closely misses you.
The endoplasm closely misses you.
Casting: Freeze (safe; 14% risk of failure)
Confirm with . or Enter, or press ? or * to list all spells.
Aiming: Freeze (safe; 14% risk of failure)
Press: ? - help, Shift-Dir - straight line, f/p - Terence
Aim: Terence, wielding a +0 mace and wearing a +0 scale mail (moderately wounded)
You miscast Freeze.
You are very lightly contaminated with residual magic.
Nothing appears to happen.
Terence misses you. The endoplasm freezes you.
You are frozen.
A dart slug comes into view.
Terence shouts, "ATTACK!!!"
Your magical contamination has completely faded away.
Terence shouts, "DIE!!!"
Found a puce potion.
You see here a puce potion.
d - a puce potion Terence hits you with a +0 mace.
b - a +0 rapier (weapon)
You hit Terence.
Terence is moderately wounded.
Terence hits you with a +0 mace. Terence hits you with a +0 mace!
You die...

#.[# #.# #..# #.#
#..#### ## #.#
#...... #.
.........##### #.
#.######## #. #.#
#####
#.####.########.w.w
#.@@J...........#.#
######.########...#
#.# ##.## #.# #.#
#.# #.# #.# #.# #.#
#.# #.#


You could see Terence and an endoplasm.

Vanquished Creatures
  An adder (D:2)
  A dart slug (D:1)
  3 bats (D:1)
  An endoplasm (D:2)
  9 giant cockroaches
  2 goblins (D:1)
  3 hobgoblins (D:1)
  9 jackals (D:1)
  3 ball pythons
  A rat (D:2)
33 creatures vanquished.

Vanquished Creatures (others)
  72 foxfires
  2 fungi (D:1)
74 creatures vanquished.

Grand Total: 107 creatures vanquished

Notes
Turn   | Place    | Note
-------+----------+-------------------------------------------
     0 | D:1      | sasquatch the Demigod Fire Elementalist began the quest for
                  | the Orb.
     0 | D:1      | Reached XP level 1. HP: 14/14 MP: 5/5
     9 | D:1      | Noticed a bullfrog
    21 | D:1      | Reached skill level 1 in Conjurations
   152 | D:1      | Got Plato's Tome of Ice
   258 | D:1      | Reached skill level 3 in Fire Magic
   258 | D:1      | Reached XP level 2. HP: 20/20 MP: 0/7
  1262 | D:2      | Noticed Terence
  1268 | D:2      | Reached XP level 3. HP: 26/26 MP: 3/8
  1515 | D:1      | Learned a level 3 spell: Conjure Flame
  1517 | D:1      | Learned a level 1 spell: Freeze
  1590 | D:2      | Slain by Terence

Illustrated notes

Levels and vault maps discovered:
D:1:      evilmike_arrival_come_back, layout_loops_ring,
          shapermc_ecumenical_altar_rom_forum, minivault_25
D:2:      minmay_roachtagon, layout_loops_ring, uniq_terence,
          uniq_crazy_yiuf_cottage

Skill      XL: |  1  2  3 |
---------------+----------+-----
Conjurations   | 1 2 |  2.1
Fire Magic     | 3 |  3.4
Spellcasting   | 2 |  2.1
Dodging        | |  1.7
Stealth        | |  1.7

Action                   || total
-------------------------++-------
Melee: Unarmed           ||    69
       Rapier            ||     1
 Cast: Foxfire           ||    47
       Freeze            ||     2
  Use: Potion            ||     3
       Scroll            ||     1
Armor: Robe              ||    37
       Skin              ||    91
Dodge: Dodged            ||   145
